 Dungeon Crawl Stone Soup version 0.25-a0-251-g572059c536 (webtiles) character file.

Game seed: 16577019153477878163, levelgen mode: classic

46 Borgoz the Skirmisher (level 3, -1/33 HPs)
             Began as a Hill Orc Fighter on Dec 5, 2019.
             Slain by an ice beast (5 damage)
             ... on level 3 of the Dungeon.
             The game lasted 00:02:06 (875 turns).

Borgoz the Skirmisher (Hill Orc Fighter)             Turns: 875, Time: 00:02:07

Health: -1/33      AC:  8    Str: 24    XL:     3   Next: 68%
Magic:  3/3        EV:  7    Int:  8    God:
Gold:   110        SH:  9    Dex: 10    Spells: 2/2 levels left

rFire    . . .     SeeInvis .   e - -2 mace (curse)
rCold    . . .     Gourm    .   c - +0 shield
rNeg     . . .     Faith    .   b - +1 scale mail
rPois    .         Spirit   .   (no helmet)
rElec    .         Reflect  .   (no cloak)
rCorr    .         Harm     .   (no gloves)
MR       .....                  (no boots)
Stlth    ..........             (no amulet)
HPRegen  0.11/turn              (no ring)
MPRegen  0.08/turn              (no ring)

@: mighty
A: no striking features
a: no special abilities


You were on level 3 of the Dungeon.
You were not hungry.

You visited 1 branch of the dungeon, and saw 3 of its levels.

You collected 110 gold pieces.

Inventory:

Hand Weapons
 a - a +1 war axe
 e - a cursed -2 mace (weapon)
Armour
 b - a +1 scale mail (worn)
 c - a +0 shield (worn)
Scrolls
 g - a scroll of identify
 h - a scroll of remove curse {unknown}
Potions
 i - a potion of resistance
Comestibles
 d - 3 chunks of flesh
 f - a ration


   Skills:
 * Level 4.1 Fighting
 * Level 3.4 Axes
 * Level 3.7 Armour
 + Level 0.4 Dodging
 * Level 3.7 Shields


You had 2 spell levels left.
You didn't know any spells.
Your spell library was empty.

Dungeon Overview and Level Annotations

Branches:
Dungeon (3/15)

Altars:


Message History

The ice beast is heavily wounded.
You block the frilled lizard's attack.
The ice beast hits you but does no damage.
You barely miss the ice beast.
The ice beast is heavily wounded.
You block the frilled lizard's attack. The ice beast hits you.
The ice beast freezes you!
* * * LOW HITPOINT WARNING * * *
You sock the ice beast!
The ice beast is almost dead.
The frilled lizard barely misses you.
The ice beast hits you but does no damage.
You block the ice beast's attack.
The frilled lizard bites you but does no damage.
You closely miss the ice beast.
The ice beast is almost dead.
The ice beast hits you.
* * * LOW HITPOINT WARNING * * *
The ice beast freezes you.
You die...

############
##.....#....#
##...........#
#............#
#.>..........#
########............#
#............<......#
#...................#
.......@............#
......lY.......#.....
.<........##########.
....w.......
.............
...............
...............
...............


You could see an ice beast, a dart slug and a frilled lizard.

Vanquished Creatures
  An adder (D:2)
  A worm (D:2)
  2 leopard geckos (D:1)
  A ball python (D:2)
  A bat (D:1)
  4 goblins (D:1)
  4 hobgoblins (D:1)
  3 jackals (D:1)
  5 frilled lizards
  5 kobolds
  5 rats (D:1)
32 creatures vanquished.

Notes
Turn   | Place    | Note
-------+----------+-------------------------------------------
     0 | D:1      | Borgoz the Hill Orc Fighter began the quest for the Orb.
     0 | D:1      | Reached XP level 1. HP: 19/19 MP: 1/1
   117 | D:1      | Reached XP level 2. HP: 24/27 MP: 2/2
   520 | D:1      | Reached XP level 3. HP: 33/33 MP: 3/3
   627 | D:1      | Reached skill level 4 in Fighting
   864 | D:3      | Noticed an ice beast
   875 | D:3      | Slain by an ice beast

Levels and vault maps discovered:
D:1:      lightli_iron_boxes, layout_basic, serial_bayou_ford_a,
          corexii_item_surrounded_by_moat
D:2:      layout_basic, yredelemnul_altar_generic, grunt_gozag_breadcrumbs
D:3:      layout_rooms, minitemple, makhleb_heckhound_becter, first_ration,
          st_stairs_2

Skill      XL: |  1  2  3 |
---------------+----------+-----
Axes           | 3 |  3.4
Fighting       | 4 |  4.1
Armour         | |  3.7
Dodging        | |  0.4
Shields        | |  3.7

Action                   || total
-------------------------++-------
Melee: War axe           ||    68
       Mace              ||    51
  Use: Scroll            ||     8
       Potion            ||     2
Armor: Scale mail        ||    52
Dodge: Dodged            ||    41
Block: Shield            ||    47

Table legend:
 A = Non-vault XP
 B = Vault XP
 C = Vault XP percentage of total XP
 D = Non-vault monster count
 E = Vault monster count
 F = Vault count percentage of total count
                 A         B        C        D         E       F
            +---------+---------+-------+---------+---------+-------
      Total |      67 |       0 |   0.0 |      32 |       0 |   0.0
            +---------+---------+-------+---------+---------+-------
        D:1 |      44 |       0 |   0.0 |      27 |       0 |   0.0
        D:2 |      23 |       0 |   0.0 |       5 |       0 |   0.0
            +---------+---------+-------+---------+---------+-------
